 Dungeon Crawl Stone Soup version 0.28.0-1-gb440e238dd (webtiles) character file.

Game seed: 11060477998621148634

1432 croobank the Covert (level 8, 0/39 HPs)
             Began as a Felid Delver on Feb 22, 2022.
             Was an Elder of Ashenzari.
             Succumbed to a gnoll sergeant's poison
             ... on level 8 of the Dungeon.
             The game lasted 00:49:47 (10630 turns).

croobank the Covert (Felid Delver)                 Turns: 10630, Time: 00:49:48

Health: 0/39       AC:  2    Str: 10    XL:     8   Next: 45%
Magic:  11/23      EV: 22    Int: 12    God:    Ashenzari [****..]
Gold:   194        SH:  0    Dex: 17    Spells: 6/14 levels left
                                        Lives:  0   Deaths: 2

rFire   . . .      SeeInvis +     - Unarmed
rCold   . . .      Faith    .   (shield unavailable)
rNeg    + . .      Spirit   .   (armour unavailable)
rPois   .          Reflect  .   (helmet unavailable)
rElec   .          Harm     .   (cloak unavailable)
rCorr   .          Rampage  .   (gloves unavailable)
Will    +....      Clarity  +   (boots unavailable)
Stlth   +++++.....              (no amulet)
HPRegen 0.13/turn               c - ring of Supernal Wisdom {MP+9, Evo, Elem} (curse)
MPRegen 0.18/turn               l - ring "Pragmatism of Ashenzari" {rN+, Elem, Alch} (curse)

@: lethally poisoned (0 -> -13), quick
A: very small, claws 1, fangs 3, see invisible, speed 1, shaggy fur 2, stealthy
paws, no weapons or thrown items, no armour, multi-lived
a: Renounce Religion, Curse Item, Shatter the Chains


You were on level 8 of the Dungeon.
You worshipped Ashenzari.
Ashenzari was greatly pleased with you.
You visited 1 branch of the dungeon, and saw 9 of its levels.

You collected 304 gold pieces.
You spent 110 gold pieces at shops.

Inventory:

Jewellery
 c - the cursed ring of Supernal Wisdom (left paw) {MP+9, Evo, Elem}
   (You found it on level 1 of the Dungeon)

   [ring of magical power]

   MP:        It affects your magic capacity (+9).
   It has a curse which improves the following skills: Evocations: Evocations.
   Elements:  Fire Magic, Ice Magic, Air Magic and Earth Magic.
 l - the cursed ring "Pragmatism of Ashenzari" (right paw) {rN+, Elem, Alch}
   (You found it on level 4 of the Dungeon)

   [ring of positive energy]

   rN:        It protects you from negative energy.
   It has a curse which improves the following skills: Elements: Fire Magic, Ice
   Magic, Air Magic and Earth Magic.
   Alchemy:   Poison Magic and Transmutations.
Wands
 e - a wand of digging (3)
 r - a wand of polymorph (10)
Scrolls
 a - 2 scrolls of fog
 d - 3 scrolls of teleportation
 f - a scroll of enchant armour
 i - a scroll of immolation
 m - a scroll of magic mapping
 p - 2 scrolls of blinking
Potions
 b - a potion of lignification
 j - 2 potions of resistance
 q - 2 potions of flight


   Skills:
 + Level 6.7 Fighting
 + Level 8.3 Dodging
 + Level 10.7 Stealth
 + Level 6.3 Unarmed Combat
 + Level 3.6 Spellcasting
 * Level 1.0 Conjurations
 + Level 3.6(6.2) Fire Magic


You had 6 spell levels left.
You knew the following spells:

 Your Spells              Type           Power      Damage    Failure   Level
a - Scorch                Fire           34%        2d7       2%          2
b - Flame Wave            Conj/Fire      10%        2d5       45%         4
c - Ensorcelled Hibernat  Hex/Ice        4%         N/A       32%         2

Your spell library contained the following spells:

 Spells                   Type           Power      Damage    Failure   Level
 Passwall                 Tmut/Erth      1%         N/A       30%         2
 Swiftness                Air            3%         N/A       52%         3
 Hailstorm                Conj/Ice       3%         3d3       86%         4
 Ice Form                 Ice/Tmut       2%         N/A       90%         4
 Simulacrum               Ice/Necr       1%         N/A       100%        6
 Summon Cactus Giant      Summ           1%         N/A       100%        6


Dungeon Overview and Level Annotations

Branches:
Dungeon (9/15)             Temple (0/1) D:5
   Lair: D:8-11         Orc: D:9-12

Altars:
Ashenzari
Dithmenos
Okawaru
Trog
Uskayaw
Vehumet
Zin

Shops:
D:4 *   D:6 :**([=

Annotations:
D:6 Prince Ribbit


Innate Abilities, Weirdness & Mutations

You have sharp claws.
You have razor-sharp teeth.
You have supernaturally acute eyesight. (SInv)
You cover ground quickly. (Speed+)
You are covered in thick fur. (AC +2)
Your paws help you pounce on unaware monsters.
You are incapable of wielding weapons or throwing items.
You cannot wear armour.
You gain extra lives every three experience levels.


Message History

The gnoll sergeant is lightly wounded.
The gnoll sergeant's fire resistance burns away.
The gnoll sergeant completely misses you.
Casting: Scorch (safe; 2% risk of failure)
Confirm with . or Enter, or press ? or * to list all spells.
Flames lash the gnoll sergeant but do no damage.
The gnoll sergeant hits you from afar with a +0 trident of venom!
You are poisoned.
You feel sick.
Casting: Scorch (safe; 2% risk of failure)
Confirm with . or Enter, or press ? or * to list all spells.
You miscast Scorch.
You are very lightly contaminated with residual magic.
Nothing appears to happen.
You feel sick.
The gnoll sergeant is no longer more vulnerable to fire.
The gnoll sergeant closely misses you.
Casting: Scorch (safe; 2% risk of failure)
Confirm with . or Enter, or press ? or * to list all spells.
Flames lash the gnoll sergeant.
The gnoll sergeant is moderately wounded.
The gnoll sergeant's fire resistance burns away.
You feel sick.
The gnoll sergeant hits you from afar with a +0 trident of venom!
You are lethally poisoned!
* * * LOW HITPOINT WARNING * * *
You feel very sick.
* * * LOW HITPOINT WARNING * * *
You feel very sick.
You feel magically purged.
Your magical contamination has completely faded away.
* * * LOW HITPOINT WARNING * * *
You feel very sick. The gnoll sergeant barely misses you.
Okay, then.
Okay, then.
Okay, then.
As you read the scroll of fear, it crumbles to dust.
You assume a fearsome visage.
The gnoll sergeant looks frightened!
The gnoll looks frightened!
You die...

##.##......##.##...
##.##......#...#...
##.##.....##...##..
##........#.....#..
##.#......#.....#..
##.#########..##..#
##.## ##.###..#
##.#########.#.....
##@#########.......
#...g..g).....<##..
##.###############.
##################.
##


You could see a gnoll sergeant (fleeing, combustible) and a gnoll (fleeing).

Vanquished Creatures
  A hornet (D:8)
  A wyvern (D:8)
  A water moccasin (D:8)
  A black bear (D:7)
  3 ice beasts
  An ogre (D:6)
  A phantom (D:4)
  2 centaurs
  A kobold brigand (D:7)
  A gnoll sergeant (D:8)
  A wyvern skeleton (D:6)
  8 wights (D:7)
  3 howler monkeys (D:8)
  A centaur zombie (D:8)
  3 hounds
  4 orc priests
  A jelly (D:7)
  A bullfrog skeleton (D:5)
  2 iguanas
  Terence (D:2)
  An orc wizard (D:3)
  9 gnolls (D:8)
  8 adders
  2 shadow imps
  A white imp (D:6)
  An adder skeleton (D:4)
  A worm (D:3)
  A dart slug (D:2)
  16 orcs
  2 bats (D:2)
  7 endoplasms
  2 giant cockroaches
  5 goblins
  5 hobgoblins
  2 jackals (D:5)
  6 kobolds
  4 quokkas
  12 ball pythons
  6 frilled lizards
  5 rats
134 creatures vanquished.

Vanquished Creatures (collateral kills)
  Joseph (D:8)
  An orc warrior (D:9)
  A centaur (D:9)
  A kobold brigand (D:9)
  A gnoll sergeant (D:9)
  An orc priest (D:9)
  2 gnolls (D:9)
8 creatures vanquished.

Grand Total: 142 creatures vanquished

Notes
Turn   | Place    | Note
-------+----------+-------------------------------------------
     0 | D:5      | croobank the Felid Delver began the quest for the Orb.
     0 | D:5      | Reached XP level 1. HP: 10/10 MP: 2/2
    39 | D:5      | Noticed a gnoll shaman
    50 | D:4      | Found Epneum's Assorted Antiques.
    56 | D:4      | Noticed an iguana
   243 | D:2      | Found a broken altar of Ashenzari.
   251 | D:2      | Became a worshipper of Ashenzari the Shackled
   262 | D:2      | Reached XP level 2. HP: 7/14 MP: 3/3
   504 | D:1      | You fall into a shaft and drop 1 floor!
   740 | D:1      | Found a faded altar of an unknown god.
  1392 | D:2      | Reached XP level 3. HP: 17/17 MP: 4/4
  1393 | D:2      | Reached * piety under Ashenzari
  1393 | D:2      | Reached ** piety under Ashenzari
  1479 | D:2      | Reached skill level 7 in Stealth
  1675 | D:2      | Noticed Terence
  1680 | D:2      | Killed Terence
  1681 | D:2      | Reached XP level 4. HP: 21/21 MP: 5/5
  2779 | D:3      | Reached XP level 5. HP: 18/25 MP: 6/6
  3428 | D:4      | Reached *** piety under Ashenzari
  3428 | D:4      | Reached **** piety under Ashenzari
  3444 | D:4      | Found a hide-covered altar of Uskayaw.
  3572 | D:4      | Found a glowing silver altar of Zin.
  3572 | D:4      | Found a shadowy altar of Dithmenos.
  3587 | D:4      | Found a radiant altar of Vehumet.
  3593 | D:4      | Found an iron altar of Okawaru.
  3758 | D:4      | Noticed a phantom
  3774 | D:4      | Killed a phantom
  3857 | D:4      | Bought a glowing silver wand for 88 gold pieces
  3958 | D:4      | Gained mutation: You are covered in thick fur. (AC +2)
                  | [Felid growth]
  3958 | D:4      | Reached XP level 6. HP: 21/28 MP: 7/7
  4245 | D:5      | Reached skill level 5 in Dodging
  4245 | D:5      | Reached skill level 8 in Stealth
  4353 | D:5      | Found a staircase to the Ecumenical Temple.
  5300 | D:5      | Reached XP level 7. HP: 33/33 MP: 8/8
  5339 | D:6      | Found a bloodstained altar of Trog.
  5341 | D:6      | Reached skill level 5 in Fighting
  5377 | D:6      | Found Sijuabb's Antique Weapon Emporium.
  5395 | D:6      | Found Eeithalaqy's Eclectic Emporium.
  5420 | D:6      | Found Nan Hem's Assorted Antiques.
  5429 | D:6      | Found Arrifreu's Book Emporium.
  5441 | D:6      | Bought a bubbling brown potion for 22 gold pieces
  5760 | D:6      | Found Qumell's Armour Shop.
  5806 | D:6      | Learned a level 2 spell: Scorch
  5898 | D:6      | Reached skill level 9 in Stealth
  5929 | D:6      | Noticed Prince Ribbit
  6089 | D:6      | Found Zeroyh's Jewellery Boutique.
  6466 | D:7      | Learned a level 4 spell: Flame Wave
  6736 | D:7      | Reached skill level 1 in Spellcasting
  6736 | D:7      | Reached skill level 1 in Fire Magic
  6736 | D:7      | Reached XP level 8. HP: 14/37 MP: 10/10
  7500 | D:7      | Reached skill level 5 in Unarmed Combat
  8748 | D:8      | Noticed Joseph
  8756 | D:8      | Slain by Joseph
  8757 | D:8      | Reached XP level 7. HP: -4/34 MP: 20/20
  8780 | D:8      | Found a broken altar of Ashenzari.
  8957 | D:8      | Killed Joseph
  8958 | D:8      | Reached skill level 10 in Stealth
  8958 | D:8      | Reached XP level 8. HP: 31/38 MP: 13/13
  9311 | D:8      | Noticed a hornet
  9317 | D:8      | Killed a hornet
  9734 | D:9      | Noticed a two-headed ogre
  9737 | D:9      | Killed from afar by an orc priest
  9738 | D:9      | Reached XP level 7. HP: -9/35 MP: 17/21
  9757 | D:8      | Killed a wyvern
  9758 | D:8      | Reached XP level 8. HP: 22/39 MP: 14/14
 10340 | D:8      | Learned a level 2 spell: Ensorcelled Hibernation
 10348 | D:8      | Reached skill level 1 in Conjurations
 10630 | D:8      | Succumbed to a gnoll sergeant's poison

Illustrated notes

Levels and vault maps discovered:
D:1:      minmay_arrival_open_corners, layout_rooms,
          hellmonk_ecumenical_altar_blasted, roderic_serpentine_path,
          serial_bayou_crossing
D:2:      layout_loops_cross, basic_altar, uniq_terence
D:3:      layout_basic
D:4:      layout_loops_ring, minmay_overflow_temple_star_hex, serial_shops,
          nicolae_stop_n_shop_2
D:5:      layout_loops_ring, minmay_temple_entry_proselytizer,
          minmay_fractal_squares_diagonal_5
D:6:      layout_loops_corners, mainiacjoe_overflow_catwalk, serial_shops, shop,
          shop, shop, nicolae_stop_n_shop_1, kennysheep_mini_moat,
          nicolae_alphabet_shops, uniq_prince_ribbit1
D:7:      layout_loops_ring
D:8:      layout_loops_ring, nicolae_ashenzari_panopticon, marbit_many_paths,
          uniq_pikel, uniq_joseph
D:9:      layout_rooms, david_orc_3

Skill      XL: |  1  2  3  4  5  6  7  8 |
---------------+-------------------------+-----
Dodging        | 3 4 5 6 8 |  8.3
Stealth        | 7 8 10 | 10.7
Unarmed Combat | 3 4 6 |  6.3
Fighting       | 4 6 |  6.7
Spellcasting   | 1 3 |  3.6
Fire Magic     | 1 3 |  3.6
Conjurations   | 1 |  1.0

Action                   |  1- 3 |  4- 6 |  7- 9 || total
-------------------------+-------+-------+-------++-------
Melee: Unarmed           |    64 |   157 |   199 ||   420
       Bite              |     3 |    17 |    17 ||    37
       Punch             |       |     1 |     7 ||     8
 Cast: Scorch            |       |       |    40 ||    40
       Ensorcelled Hiber |       |       |     3 ||     3
Invok: Curse Item        |     1 |     1 |       ||     2
Evoke: Wand              |       |     2 |     1 ||     3
  Use: Scroll            |     2 |     2 |     7 ||    11
       Potion            |     1 |     2 |     5 ||     8
 Stab: Sleeping          |     9 |    22 |    11 ||    42
       Distracted        |     1 |     1 |     2 ||     4
Armor: Skin              |     3 |     4 |    10 ||    17
Dodge: Dodged            |    45 |   101 |   155 ||   301
